 Dungeon Crawl Stone Soup version 0.19.5 (webtiles) character file.

118 Kosschaser the Sneak (level 5, 0/26 HPs)
             Began as a Vine Stalker Assassin on Mar 2, 2017.
             Was an Initiate of Dithmenos.
             Slain by a phantom (6 damage)
             ... on level 3 of the Dungeon.
             The game lasted 00:06:56 (3247 turns).

Kosschaser the Sneak (Vine Stalker Assassin)        Turns: 3247, Time: 00:06:56

Health: 0/26       AC:  4    Str: 13    XL:     5   Next: 2%
Magic:  0/6        EV: 12    Int: 11    God:    Dithmenos [......]
Gold:   155        SH:  0    Dex: 17    Spells: 0 memorised, 4 levels left

rFire  . . .     SeeInvis .     a - +2 dagger
rCold  . . .     Gourm    .     c - +0 robe
rNeg   . . .     Faith    .     (no shield)
rPois  .         Spirit   +     (no helmet)
rElec  .         Reflect  .     d - +0 cloak
rCorr  .         Harm     .     r - +0 pair of gloves
MR     .....                    (no boots)
Stlth  ++++......               (no amulet)
                                (no ring)
                                (no ring)

@: no status effects
A: fangs 2, regeneration 1, magic shield, antimagic bite, no device heal 3, rot
immunity
a: Renounce Religion


You were on level 3 of the Dungeon.
You worshipped Dithmenos.
Dithmenos was noncommittal.
You were very hungry.

You visited 1 branch of the dungeon, and saw 4 of its levels.

You collected 155 gold pieces.

Inventory:

Hand Weapons
 a - a +2 dagger (weapon)
 b - a +0 blowgun
Missiles
 e - 25 poisoned needles
 f - 2 curare-tipped needles
Armour
 c - a +0 robe (worn)
 d - a +0 cloak (worn)
 r - a +0 pair of gloves (worn)
Jewellery
 o - an uncursed amulet of regeneration {unknown}
 y - an uncursed amulet of guardian spirit {unknown}
Scrolls
 h - 2 scrolls of amnesia {unknown}
 j - 3 scrolls of identify {unknown}
 l - a scroll of fear {unknown}
 m - 3 scrolls of remove curse {unknown}
 q - 3 scrolls of immolation {unknown}
 t - 2 scrolls of random uselessness {unknown}
 u - a scroll of blinking {unknown}
 w - a scroll of teleportation {unknown}
 A - a scroll of noise {unknown}
Potions
 i - a potion of might {unknown}
 n - a potion of magic {unknown}
 p - a potion of mutation {unknown}
 s - a potion of curing
 v - 2 potions of agility {unknown}
 x - a potion of cure mutation {unknown}
 z - a potion of beneficial mutation {unknown}
 B - a potion of cancellation {unknown}
 C - a potion of degeneration {unknown}
Comestibles
 g - 4 bread rations
 k - a beef jerky


   Skills:
 + Level 2.1 Fighting
 + Level 2.6 Short Blades
 + Level 2.1 Throwing
 + Level 1.0 Dodging
 * Level 6.6 Stealth


You had 4 spell levels left.
You didn't know any spells.

Dungeon Overview and Level Annotations

Branches:
Dungeon (4/15)
 Temple: D:4-7

Altars:
Ashenzari
Dithmenos
Kikubaaqudgha


Innate Abilities, Weirdness & Mutations

You have extremely sharp teeth.
Your natural rate of healing is unusually fast.
When hurt, damage is shared between your health and your magic reserves.
Your bite disrupts and absorbs the magic of your enemies.
Potions and wands cannot restore your health.
You are immune to rotting.


Message History

There is a stone staircase leading down here.
You hit the phantom. You bite the phantom.
The phantom's magic leaks into the air.
You drain its magic.
You feel invigorated.
The phantom is almost destroyed.
The phantom hits you.
The phantom blinks!
You miss the phantom.
The phantom is almost destroyed.
The phantom closely misses you.
You barely miss the phantom.
The phantom is almost destroyed.
The phantom hits you.
You hit the phantom. Your bite misses the phantom.
The phantom is almost destroyed.
The phantom hits you!
* * * LOW HITPOINT WARNING * * *
You closely miss the phantom.
The phantom is almost destroyed.
The phantom hits you!
You die...

#.... #.### #.# ##'## #...#
#...# #...#
########################...##
#..........W@.>........'...'.
#.############.#########...##
#.# #.##......#### #..... #.#
#..'......+..# ##.... #.#
#.##......##.#######....
#.####.##......'.............
#......##.)....##.#######....
#################............
#############


You could see a phantom.

Vanquished Creatures
  An orc priest (D:3)
  3 adders
  3 worms
  A dart slug (D:3)
  A leopard gecko (D:3)
  2 orcs (D:3)
  6 bats
  4 giant cockroaches
  6 goblins
  5 hobgoblins
  2 jackals (D:1)
  A quokka (D:3)
  2 ball pythons (D:2)
  2 frilled lizards
  3 kobolds
  4 rats
46 creatures vanquished.

Vanquished Creatures (others)
  A ghoul (D:1)
  A minotaur (D:1)
  An elf (D:1)
  2 trolls (D:1)
  A spriggan (D:1)
  A human (D:1)
  An ogre (D:1)
  A centaur (D:1)
  A mummy (D:1)
  An orc (D:1)
  A kobold (D:1)
  9 tentacles (D:1)
21 creatures vanquished.

Grand Total: 67 creatures vanquished

Notes
Turn   | Place    | Note
-------+----------+-------------------------------------------
     0 | D:1      | Kosschaser the Vine Stalker Assassin began the quest for the Orb.
     0 | D:1      | Reached XP level 1. HP: 11/11 MP: 2/2
     0 | D:1      | Noticed an elf
     0 | D:1      | Noticed an ogre
     0 | D:1      | Noticed a centaur
     0 | D:1      | Noticed a minotaur
     0 | D:1      | Noticed a ghoul
     0 | D:1      | Noticed a kraken
     0 | D:1      | Noticed a troll
     0 | D:1      | Noticed a troll
     0 | D:1      | Noticed a spriggan
     0 | D:1      | Noticed a human
     7 | D:1      | Killed a spriggan
     8 | D:1      | Killed a troll
    10 | D:1      | Killed an elf
    12 | D:1      | Killed a troll
    12 | D:1      | Killed an ogre
    13 | D:1      | Killed a centaur
    14 | D:1      | Killed a human
    15 | D:1      | Killed a minotaur
    23 | D:1      | Killed a ghoul
    34 | D:1      | Reached skill level 5 in Stealth
   189 | D:1      | Reached XP level 2. HP: 10/15 MP: 1/3
   876 | D:2      | Found a shattered altar of Ashenzari.
  1095 | D:2      | Reached XP level 3. HP: 11/18 MP: 2/4
  1175 | D:2      | Reached skill level 6 in Stealth
  2437 | D:3      | Gained mutation: Your natural rate of healing is unusually fast. [Vine Stalker growth]
  2437 | D:3      | Reached XP level 4. HP: 23/23 MP: 5/5
  2461 | D:3      | Reached skill level 1 in Dodging
  2484 | D:3      | Found an ancient bone altar of Kikubaaqudgha.
  2811 | D:3      | Reached XP level 5. HP: 21/26 MP: 6/6
  2955 | D:3      | Found a shadowy altar of Dithmenos.
  2960 | D:3      | Became a worshipper of Dithmenos the Shadowed
  3227 | D:4      | Noticed a phantom
  3247 | D:3      | Slain by a phantom

Skill      XL: |  1  2  3  4 |
---------------+-------------+-----
Stealth        | 5 6 |  6.6
Fighting       | 2 |  2.1
Short Blades   | 2 |  2.6
Dodging        | 1 |  1.0
Throwing       | 2 |  2.1

Action                   |  1- 3 |  4- 6 || total
-------------------------+-------+-------++-------
Melee: Dagger            |    96 |    49 ||   145
       Bite              |    21 |    11 ||    32
 Fire: Blowgun           |     7 |     8 ||    15
  Use: Potion            |     1 |       ||     1
 Stab: Sleeping          |     7 |     6 ||    13
  Eat: Chunk             |     5 |     1 ||     6
Armor: Robe              |    26 |     4 ||    30
Dodge: Dodged            |    44 |    24 ||    68
